 Dungeon Crawl Stone Soup version 0.31-a0-931-g7b59d4eb97 (webtiles) character file.

Game seed: 7422674022911232766

76 CryptoCactus the Slasher (level 4, -7/39 HPs)
             Began as a Minotaur Fighter on Oct 19, 2023.
             Killed by divine providence
             ... invoked by an orc priest
              (10 damage)
             ... on level 3 of the Dungeon.
             The game lasted 00:04:01 (1619 turns).

CryptoCactus the Slasher (Minotaur Fighter)         Turns: 1619, Time: 00:04:02

Health: -7/39      AC:  6    Str: 21    XL:     4   Next: 12%
Magic:  3/3        EV:  9    Int:  5    God:
Gold:   136        SH:  4    Dex: 11    Spells: 3/3 levels left

rFire   . . .        a - +0 long sword
rCold   . . .        c - +0 buckler
rNeg    . . .        b - +0 scale mail
rPois   .            (helmet restricted)
rElec   .            (no cloak)
rCorr   .            (no gloves)
SInv    .            (no boots)
Will    .....        (no amulet) Stlth
                     (no ring)
HPRegen 0.26/turn    (no ring)
MPRegen 0.08/turn

%: no passive effects
@: no status effects
A: horns 2, retaliatory headbutt
a: no special abilities


You were on level 3 of the Dungeon.
You visited 1 branch of the dungeon, and saw 3 of its levels.

You collected 136 gold pieces.

Inventory:

Hand Weapons
 a - a +0 long sword (weapon)
Armour
 b - a +0 scale mail (worn)
 c - a +0 buckler (worn)
Scrolls
 i - a scroll of poison {unknown}
 m - a scroll of teleportation {unknown}
 o - a scroll of revelation {unknown}
 p - 2 scrolls of identify {unknown}
Potions
 d - a potion of heal wounds {unknown}
 e - a potion of ambrosia {unknown}
 f - a potion of lignification {unknown}
 g - a potion of enlightenment {unknown}
 h - a potion of haste {unknown}
 j - a potion of attraction {unknown}
 k - a potion of magic {unknown}
 l - 2 potions of resistance {unknown}
 n - a potion of mutation {unknown}


   Skills:
 - Level 3.6 Fighting
 + Level 5.4 Long Blades
 - Level 3.6 Armour
 - Level 3.6 Shields


You had 3 spell levels left.
You didn't know any spells.
Your spell library was empty.

Dungeon Overview and Level Annotations

Branches:
Dungeon (3/15)

Altars:


Innate Abilities, Weirdness & Mutations

You have a pair of horns on your head.
You reflexively headbutt those who attack you in melee.


Message History

The kobold throws a stone.
The stone hits you but does no damage.
An orc comes into view. It is wielding a +0 flail.
The orc shouts!
The kobold hits you but does no damage.
The orc wizard gestures wildly while chanting.
The orc wizard flickers and vanishes!
Deactivating autopickup; reactivate with Ctrl-A.
You hit the kobold.
The kobold is severely wounded.
The kobold closely misses you.
The orc priest looks braver for a moment.
You slash the kobold!
You kill the kobold!
The orc hits you with a +0 hand axe.
The orc priest calls down the wrath of Beogh upon you.
Beogh smites you!
You hit the orc but do no damage. You headbutt the orc.
The orc is lightly wounded.
The orc priest casts a cantrip, but nothing happens.
A puff of flame appears from out of thin air!
The puff of flame hits you but does no damage.
The orc attacks as it pursues you! You block the orc's attack.
The orc attacks as it pursues you! The orc closely misses you.
The orc attacks as it pursues you! The orc barely misses you.
The orc attacks as it pursues you! The orc closely misses you.
The orc priest invokes the aid of Beogh against you.
Beogh smites you!
An orc priest comes into view. It is wielding a +0 dagger.
The orc attacks as it pursues you! The orc closely misses you.
The orc priest invokes the aid of Beogh against you.
You barely resist.
The orc priest mumbles some strange prayers to Beogh against you.
Beogh smites you!
* * * LOW HITPOINT WARNING * * *
The orc attacks as it pursues you! The orc hits you with a +0 hand axe.
* * * LOW HITPOINT WARNING * * *
The orc cheers loudly.
The orc priest invokes the aid of Beogh against you.
Beogh smites you!
You die...

...... .# ##+##<##.# .#
#...#.##.###+#.# #
#...#.##.#.....# .#
#...#.##.#.....##.###
#.....^..#...........
#....†..............
#...####.......##.####.....#
. #...
#.....@.#...........##. #...
#....................> #...
#..##.o.#..####.#....#. #...
#.....{....o........... ####
#......................
#..##.o.#.o.......).[..
#..##...##.####.#....#
#............o.......#
#..#...###.####.###..#


You could see 2 orc priests and 2 orcs.

Vanquished Creatures
  Robin (D:2)
  2 adders
  A worm (D:2)
  2 dart slugs
  2 endoplasms (D:2)
  A giant cockroach (D:2)
  10 goblins
  6 hobgoblins
  2 quokkas
  5 bats
  4 frilled lizards
  2 kobolds
  2 rats
40 creatures vanquished.

Notes
Turn   | Place    | Note
-------+----------+-------------------------------------------
     0 | D:1      | CryptoCactus the Minotaur Fighter began the quest for the
                  | Orb.
     0 | D:1      | Reached XP level 1. HP: 19/19 MP: 0/0
   100 | D:1      | Reached skill level 3 in Long Blades
   207 | D:1      | Reached XP level 2. HP: 26/26 MP: 1/1
   555 | D:2      | Reached skill level 4 in Long Blades
   742 | D:2      | Reached XP level 3. HP: 26/31 MP: 2/2
   894 | D:2      | Noticed Robin
   915 | D:2      | Killed Robin
  1032 | D:2      | Reached skill level 5 in Long Blades
  1595 | D:3      | Reached XP level 4. HP: 39/39 MP: 3/3
  1619 | D:3      | Killed from afar by an orc priest

Illustrated notes

Levels and vault maps discovered:
D:1:      reono_arrival_forest_river, layout_rooms
D:2:      layout_loops_corners, uniq_robin
D:3:      layout_basic, chequers_temple_overflow_minitemple

Skill      XL: |  1  2  3 |
---------------+----------+-----
Long Blades    | 3 4 5 |  5.4
Fighting       | |  3.6
Armour         | |  3.6
Shields        | |  3.6

Action                     |  1- 3 |  4- 6 || total
---------------------------+-------+-------++-------
  Melee: Long sword        |    72 |     6 ||    78
         Headbutt          |    15 |     2 ||    17
    Use: Potion            |     1 |       ||     1
 Armour: Scale mail        |    51 |     6 ||    57
  Dodge: Dodged            |    37 |     6 ||    43
  Block: Buckler           |    10 |     2 ||    12

Table legend: (Time is in decaauts)
 A = Elapsed time spent in this place.
 B = Non-inter-level travel time spent in this place.
 C = Inter-level travel time spent in this place.
 D = Time resting spent in this place.
 E = Time spent auto-exploring this place.
 F = Levels seen in this place.
 G = Mean time per level.
                   A        B        C        D        E       F      G
               +--------+--------+--------+--------+--------+-----+--------+
         Total |   1646 |   1520 |    126 |      0 |   1314 |   3 |  548.7 |
       Dungeon |   1646 |   1520 |    126 |      0 |   1314 |   3 |  548.7 |
               +--------+--------+--------+--------+--------+-----+--------+

Top non-repeatable levels by time:
     D:2: 1018 daAuts
     D:1: 557 daAuts
     D:3: 70 daAuts
